 Dungeon Crawl Stone Soup version 0.26.0-41-g79a4fc7684 (webtiles) character file.

Game seed: 5217026740157315730

60111 littlecub the Fighter (level 14, -1/119 HPs)
             Began as a Demonspawn Gladiator on Jan 26, 2021.
             Was the Champion of Okawaru.
             Killed by divine providence
             ... invoked by a smoke demon
              (14 damage)
             ... on level 1 of the Abyss.
             The game lasted 00:49:48 (15975 turns).

littlecub the Fighter (Demonspawn Gladiator)       Turns: 15975, Time: 00:49:48

Health: -1/119     AC: 28    Str: 19    XL:     14   Next: 55%
Magic:  21/21      EV:  8    Int: 10    God:    Okawaru [******]
Gold:   890        SH:  0    Dex: 24    Spells: 13/13 levels left

rFire    + . .     SeeInvis .   a - +4 executioner's axe (vorpal)
rCold    . . .     Faith    .   (shield currently unavailable)
rNeg     . . .     Spirit   .   C - +0 crystal plate armour
rPois    .         Reflect  .   (helmet unavailable)
rElec    .         Harm     .   l - +2 cloak
rCorr    .         Rampage  .   D - +0 pair of gloves {Dex+3}
Will     +....                  (no boots)
Stlth    ..........             i - amulet of regeneration
HPRegen  0.69/turn              H - +6 ring of dexterity
MPRegen  0.17/turn              w - +4 ring of slaying

@: no status effects
A: horns 3, iridescent scales 2, demonic guardian 1, fire resistance 1, ignite
blood, augmentation 1, flame cloud immunity
a: Renounce Religion, Heroism, Finesse


You were on level 1 of the Abyss.
You worshipped Okawaru.
Okawaru was exalted by your worship.
You visited 2 branches of the dungeon, and saw 16 of its levels.
You visited the Abyss 1 time.
You also visited: Bailey.

You collected 1716 gold pieces.
You spent 826 gold pieces at shops.

Inventory:

Hand Weapons
 a - a +4 vorpal executioner's axe (weapon)
 b - a +3 scimitar of flaming
 y - a +3 battleaxe of electrocution
 K - a +0 great sword of protection
Missiles
 d - 7 throwing nets
 s - 7 silver javelins (quivered)
Armour
 l - a +2 cloak (worn)
 C - a +0 crystal plate armour (worn)
 D - a +0 pair of gloves of dexterity (worn)
Jewellery
 i - an amulet of regeneration (around neck)
 o - an uncursed ring of resist corrosion
 w - a +4 ring of slaying (right hand)
 E - an uncursed ring of fire
 H - a +6 ring of dexterity (left hand)
Wands
 g - a wand of iceblast (9)
 q - a wand of random effects (31)
 x - a wand of enslavement (6)
 B - a wand of disintegration (11)
 G - a wand of flame (41)
 J - a wand of acid (6)
Scrolls
 e - 4 scrolls of fear
 f - 4 scrolls of remove curse
 h - 10 scrolls of teleportation
 k - 3 scrolls of identify
 n - 3 scrolls of immolation
 p - 7 scrolls of magic mapping
 r - a scroll of silence
 t - 2 scrolls of blinking
 z - 2 scrolls of amnesia
 F - a scroll of enchant armour
Potions
 c - 2 potions of curing
 j - 2 potions of brilliance
 m - a potion of resistance
 u - a potion of mutation
 v - 4 potions of lignification
 A - 3 potions of flight
 I - 2 potions of attraction


   Skills:
 * Level 13.6 Fighting
 * Level 12.7 Axes
 - Level 1.7 Throwing
 + Level 8.5 Armour
 + Level 8.9 Dodging
 - Level 10.1 Invocations
 - Level 2.0 Evocations


You had 13 spell levels left.
You didn't know any spells.
Your spell library contained the following spells:

 Spells                   Type           Power        Failure   Level
 Magic Dart               Conj           0%           100%        1
 Sandblast                Erth           0%           100%        1
 Blink                    Tloc           N/A          100%        2
 Call Imp                 Summ           0%           100%        2
 Passwall                 Tmut/Erth      0%           100%        2
 Slow                     Hex            0%           100%        2
 Conjure Flame            Conj/Fire      0%           100%        3
 Gell's Gravitas          Tloc           0%           100%        3
 Mephitic Cloud           Conj/Pois/Air  0%           100%        3
 Static Discharge         Conj/Air       0%           100%        3
 Stone Arrow              Conj/Erth      0%           100%        3
 Animate Dead             Necr           0%           100%        4
 Passage of Golubria      Tloc           N/A          100%        4
 Petrify                  Tmut/Erth      0%           100%        4
 Borgnjor's Vile Clutch   Necr/Erth      0%           100%        5
 Fireball                 Conj/Fire      0%           100%        5
 Lee's Rapid Deconstruct  Erth           0%           100%        5
 Lightning Bolt           Conj/Air       0%           100%        5
 Death Channel            Necr           0%           100%        6
 Simulacrum               Ice/Necr       0%           100%        6
 Chain Lightning          Conj/Air       0%           100%        8
 Ignition                 Fire           0%           100%        8
 Lehudib's Crystal Spear  Conj/Erth      0%           100%        8
 Absolute Zero            Ice            0%           100%        9
 Fire Storm               Conj/Fire      0%           100%        9
 Shatter                  Erth           0%           100%        9
 Tornado                  Air            0%           100%        9


Dungeon Overview and Level Annotations

Branches:
Dungeon (14/15)            Temple (0/1) D:4            Lair (0/6) D:11
    Orc (2/2) D:12            Elf (0/3) Orc:2        Vaults (0/5) D:13
 Bailey (visited)

Altars:
Ashenzari
Dithmenos
Elyvilon
Fedhas
Gozag
Kikubaaqudgha
Okawaru
Qazlal
Ru
Sif Muna
Uskayaw
Vehumet
Wu Jian
Xom
Yredelemnul
The Shining One

Shops:
D:7 =   D:9 [   D:10 !   Orc:2 *[=


Innate Abilities, Weirdness & Mutations

You have a pair of large horns on your head.
You are mostly covered in iridescent scales. (AC +4)
A weak demonic guardian rushes to your aid.
Your flesh is heat resistant. (rF+)
Your demonic aura causes spilled blood to erupt in flames.
Your magical and physical power is slightly enhanced at high health.
You are immune to clouds of flame.


Message History

* * * LOW HITPOINT WARNING * * *
The flying skull barely misses you.
The demonic crawler hits you but does no damage.
The demonic crawler barely misses you.
The demonic crawler hits you but does no damage.
The smoke demon gestures at you. Something smites you!
* * * LOW HITPOINT WARNING * * *
Okay, then.
Blink to where?
Press: ? - help, Dir - move target
As you read the scroll of blinking, it crumbles to dust.
The smoke demon gestures at you. The ball of steam hits you. You resist.
* * * LOW HITPOINT WARNING * * *
Found 23 stones.
You feel better. The smoke demon gestures at you. Something smites you!
You die...

... .. ## ... . #.
... . ##.###.#.#
#..#.#§#.#
..#....§§..#. ####
# ....5.#.§§#.#
##..##.
#.#...3§#.###..##..
#@##..#.z.#h......
#.# #(##3.Rsx3#5#.
### ##.## ###..#
##5####x# ... ...
#### .. # ..##3
#...#.. # ## ##.


You could see a smoke demon and a friendly shadow imp (summoned).

Vanquished Creatures
  Jorgrun (D:14)
  2 stone giants
  Erolcha (Orc:2)
  6 vault guards (D:13)
  Harold (D:8)
  A rakshasa (Abyss:1)
  Erica (D:8)
  3 two-headed ogres
  Nergalle (D:10)
  An unseen horror (D:13)
  A glowing orange brain (Abyss:1)
  A wizard (D:14)
  3 large abominations (Abyss:1)
  Pikel (D:7)
  6 orc sorcerers (Orc:2)
  5 orc knights
  2 deep elf magi (Orc:2)
  An ugly thing (D:11)
  A worldbinder (Abyss:1)
  An orange demon (Abyss:1)
  A freezing wraith (D:9)
  4 trolls
  2 polar bears (D:14)
  Sigmund (D:5)
  A centaur simulacrum (D:14)
  5 yaks
  A wyvern (D:11)
  A basilisk (D:13)
  A steam dragon (D:7)
  2 wargs (Orc:1)
  A chaos spawn (Abyss:1)
  A soldier ant (D:11)
  2 water moccasins
  2 acid dragons
  A small abomination (Abyss:1)
  A meliai simulacrum (D:14)
  A swamp drake (Orc:2)
  5 phantoms
  20 orc warriors
  2 sky beasts
  A necrophage (D:9)
  3 ice beasts
  An eye of draining (D:13)
  3 centaurs
  A boggart (D:9)
  13 ogres
  2 lemures (D:7)
  4 wolves (D:11)
  2 big kobolds (D:12)
  11 bullfrogs
  3 wyvern zombies
  4 gnoll sergeants
  Dowan (D:5)
  A water moccasin skeleton (D:10)
  5 scorpions
  11 killer bees
  21 wights
  3 electric eels (D:11)
  10 howler monkeys
  A bullfrog zombie (D:4)
  A crimson imp (Orc:2)
  2 quasits
  11 hounds
  A wyvern simulacrum (D:14)
  2 centaur skeletons
  9 jellies
  29 orc wizards
  Crazy Yiuf (D:2)
  15 orc priests
  5 iguanas
  An iron imp (Orc:2)
  3 worker ants
  4 hound skeletons
  Robin (D:2)
  9 gnolls
  2 worker ant zombies (D:10)
  11 adders
  2 shadow imps
  3 white imps
  5 oozes
  An adder zombie (D:8)
  4 adder skeletons
  2 worms (D:2)
  4 dart slugs
  4 leopard geckos
  99 orcs
  5 ball pythons
  8 giant cockroaches
  20 goblins
  13 hobgoblins
  13 jackals
  10 quokkas
  8 bats
  9 frilled lizards
  8 kobolds
  A quokka skeleton (D:4)
  10 rats
532 creatures vanquished.

Vanquished Creatures (collateral kills)
  2 vault guards (D:13)
  A meliai zombie (D:12)
  A yak (D:11)
  Duvessa (D:5)
  A bullfrog (D:9)
  A wyvern skeleton (D:9)
  An orc priest (Orc:2)
  2 orcs
10 creatures vanquished.

Vanquished Creatures (others)
  A centaur (D:8)
  A hound (D:8)
  A jelly (D:8)
  A gnoll (D:8)
  A leopard gecko (D:8)
  31 plants
36 creatures vanquished.

Grand Total: 578 creatures vanquished

Notes
Turn   | Place    | Note
-------+----------+-------------------------------------------
     0 | D:1      | littlecub the Demonspawn Gladiator began the quest for the
                  | Orb.
     0 | D:1      | Reached XP level 1. HP: 16/16 MP: 1/1
    29 | D:1      | Gained mutation: Your flesh is heat resistant. (rF+)
                  | [demonic ancestry]
    29 | D:1      | Reached XP level 2. HP: 2/22 MP: 2/2
   632 | D:1      | Reached XP level 3. HP: 13/28 MP: 3/3
  1048 | D:1      | Reached skill level 1 in Armour
  1314 | D:2      | Identified the +0 helmet of Gairupim {+Fly Str+4 Dex-4}
  1314 | D:2      | Noticed Robin
  1411 | D:1      | Gained mutation: You are immune to clouds of flame.
                  | [demonic ancestry]
  1411 | D:1      | Reached XP level 4. HP: 24/34 MP: 4/4
  1512 | D:2      | Reached skill level 3 in Fighting
  1514 | D:2      | Killed Robin
  1671 | D:2      | Found a white marble altar of Elyvilon.
  1982 | D:2      | Gained mutation: You have a pair of small horns on your
                  | head. [demonic ancestry]
  1982 | D:2      | Reached XP level 5. HP: 38/41 MP: 5/5
  2211 | D:2      | Found a runed translucent door.
  2212 | D:2      | Noticed Crazy Yiuf
  2218 | D:2      | Killed Crazy Yiuf
  2567 | D:3      | Found an iron altar of Okawaru.
  2574 | D:3      | Became a worshipper of Warmaster Okawaru
  3066 | D:4      | Reached skill level 4 in Fighting
  3066 | D:4      | Gained mutation: A weak demonic guardian rushes to your
                  | aid. [demonic ancestry]
  3066 | D:4      | Reached XP level 6. HP: 21/48 MP: 6/6
  3069 | D:4      | Reached skill level 1 in Invocations
  3562 | D:4      | Found a staircase to the Ecumenical Temple.
  3631 | D:4      | Found a glowing golden altar of the Shining One.
  3631 | D:4      | Found a basalt altar of Yredelemnul.
  3740 | D:4      | Noticed a profane servitor
  3824 | D:4      | Gained mutation: You have a pair of horns on your head.
                  | [demonic ancestry]
  3824 | D:4      | Reached XP level 7. HP: 55/55 MP: 8/8
  3902 | D:4      | Found a shadowy altar of Dithmenos.
  3902 | D:4      | Found a blossoming altar of Fedhas.
  3944 | D:4      | Found a sacrificial altar of Ru.
  3947 | D:4      | Found an ancient bone altar of Kikubaaqudgha.
  4162 | D:4      | Noticed an angel
  4172 | D:5      | Entered Level 5 of the Dungeon
  4178 | D:5      | Noticed Sigmund
  4237 | D:5      | Reached * piety under Okawaru
  4252 | D:5      | Killed Sigmund
  4253 | D:5      | Reached skill level 5 in Fighting
  4571 | D:5      | Reached skill level 5 in Axes
  4793 | D:5      | Noticed Dowan
  4794 | D:5      | Noticed Duvessa
  4806 | D:5      | Killed Duvessa
  4806 | D:5      | Reached ** piety under Okawaru
  4808 | D:5      | Killed Dowan
  4809 | D:5      | Gained mutation: Your demonic aura causes spilled blood to
                  | erupt in flames. [demonic ancestry]
  4809 | D:5      | Reached XP level 8. HP: 49/62 MP: 8/11
  5081 | D:5      | Found an ornate altar of the Wu Jian Council.
  5081 | D:5      | Found a shimmering blue altar of Sif Muna.
  5082 | D:5      | Found an opulent altar of Gozag.
  5387 | D:6      | Reached skill level 5 in Invocations
  5688 | D:6      | Reached skill level 6 in Fighting
  6377 | D:7      | Found Ebbaoxyo's Jewellery Emporium.
  6397 | D:7      | Reached XP level 9. HP: 52/71 MP: 8/13
  6402 | D:7      | Noticed Pikel
  6412 | D:7      | Killed Pikel
  6763 | D:7      | Reached skill level 7 in Fighting
  7065 | D:7      | Reached *** piety under Okawaru
  7066 | D:7      | Reached skill level 5 in Dodging
  7266 | D:7      | Found a hide-covered altar of Uskayaw.
  7679 | D:8      | Found a flagged portal.
  7770 | Bailey   | Entered a bailey
  7964 | Bailey   | Noticed an orc knight
  8174 | Bailey   | Noticed an orc knight
  8174 | Bailey   | Noticed an orc knight
  8176 | Bailey   | Noticed an orc knight
  8181 | Bailey   | Killed an orc knight
  8181 | Bailey   | Reached **** piety under Okawaru
  8418 | Bailey   | Killed an orc knight
  8418 | Bailey   | Received a gift from Okawaru
  8419 | Bailey   | Reached XP level 10. HP: 80/80 MP: 16/16
  8429 | Bailey   | Killed an orc knight
  8430 | Bailey   | Reached skill level 8 in Fighting
  8431 | Bailey   | Killed an orc knight
  8708 | D:8      | Reached ***** piety under Okawaru
  8754 | D:8      | Found a shimmering altar of Xom.
  8906 | D:8      | Reached skill level 5 in Armour
  9158 | D:8      | Noticed Harold
  9172 | D:8      | Killed Harold
  9354 | D:8      | Noticed Erica
  9361 | D:8      | Killed Erica
  9362 | D:8      | Reached skill level 10 in Invocations
  9478 | D:9      | Reached skill level 9 in Fighting
  9614 | D:9      | Found a stormy altar of Qazlal.
  9671 | D:9      | Found Toffosme's Antique Armour Shop.
  9750 | D:9      | Received a gift from Okawaru
  9822 | D:9      | Gained mutation: You are partially covered in iridescent
                  | scales. (AC +2) [demonic ancestry]
  9822 | D:9      | Reached XP level 11. HP: 89/89 MP: 18/18
  9994 | D:9      | Identified the Almanac of Flames and Dislocation
 10371 | D:10     | Entered Level 10 of the Dungeon
 10405 | D:10     | Found Doagipn's Distillery.
 10413 | D:10     | Bought 3 potions of curing for 126 gold pieces
 10459 | D:10     | Noticed Nergalle
 10469 | D:10     | Killed Nergalle
 11323 | D:11     | Found a broken altar of Ashenzari.
 11323 | D:11     | Noticed a purple ugly thing
 11327 | D:11     | Killed a purple ugly thing
 11328 | D:11     | Reached skill level 10 in Fighting
 11450 | D:11     | Found a staircase to the Lair.
 11486 | D:11     | Noticed a two-headed ogre
 11493 | D:11     | Killed a two-headed ogre
 11590 | D:11     | Received a gift from Okawaru
 11591 | D:11     | Got a smoking hat {god gift}
 11597 | D:11     | Identified the +0 hat "Zashoze" {+Fly Int+5 Slay+2}
                  | (Okawaru gifted it to you on level 11 of the Dungeon)
 12037 | D:12     | Found a staircase to the Orcish Mines.
 12274 | D:12     | Reached skill level 10 in Axes
 12360 | D:12     | Noticed a two-headed ogre
 12364 | D:12     | Killed a two-headed ogre
 12365 | D:12     | Gained mutation: Your magical and physical power is
                  | slightly enhanced at high health. [demonic ancestry]
 12365 | D:12     | Reached XP level 12. HP: 99/99 MP: 19/19
 13049 | D:13     | Found a gate to the Vaults.
 13049 | D:13     | Noticed a vault guard
 13049 | D:13     | Noticed a vault guard
 13049 | D:13     | Noticed a vault guard
 13049 | D:13     | Noticed a vault guard
 13049 | D:13     | Noticed a vault guard
 13049 | D:13     | Noticed a vault guard
 13049 | D:13     | Noticed a vault guard
 13060 | D:13     | Killed a vault guard
 13070 | D:13     | Killed a vault guard
 13071 | D:13     | Reached skill level 11 in Fighting
 13209 | Orc:1    | Entered Level 1 of the Orcish Mines
 13217 | Orc:1    | Noticed a stone giant
 13225 | Orc:1    | Killed a stone giant
 13394 | Orc:1    | Noticed a two-headed ogre
 13508 | D:12     | Killed a two-headed ogre
 13740 | D:13     | Killed a vault guard
 13744 | D:13     | Killed a vault guard
 13751 | D:13     | Killed a vault guard
 13757 | D:13     | Killed a vault guard
 13757 | D:13     | Received a gift from Okawaru
 13763 | D:13     | Killed a vault guard
 13786 | D:13     | Noticed a vault guard
 13792 | D:13     | Killed a vault guard
 13854 | D:13     | Reached ****** piety under Okawaru
 14031 | D:13     | Reached skill level 12 in Fighting
 14172 | D:14     | Noticed Jorgrun
 14182 | D:14     | Killed Jorgrun
 14183 | D:14     | Reached skill level 1 in Evocations
 14183 | D:14     | Gained mutation: You are mostly covered in iridescent
                  | scales. (AC +4) [demonic ancestry]
 14183 | D:14     | Reached XP level 13. HP: 103/108 MP: 20/20
 14301 | D:14     | Received a gift from Okawaru
 14735 | Orc:2    | Entered Level 2 of the Orcish Mines
 14735 | Orc:2    | Found Tivat's Assorted Antiques.
 14742 | Orc:2    | Noticed a stone giant
 14892 | Orc:2    | Killed a stone giant
 15022 | D:10     | Bought a potion of experience for 700 gold pieces
 15022 | D:10     | Reached skill level 13 in Fighting
 15022 | D:10     | Gained mutation: You have a pair of large horns on your
                  | head. [demonic ancestry]
 15022 | D:10     | Reached XP level 14. HP: 118/118 MP: 21/21
 15129 | Orc:2    | Found Secirghaho's Jewellery Emporium.
 15299 | Orc:2    | Found a staircase to the Elven Halls.
 15721 | Orc:2    | Found a radiant altar of Vehumet.
 15721 | Orc:2    | Noticed Erolcha
 15731 | Orc:2    | Killed Erolcha
 15739 | Orc:2    | Found Ziducw's Antique Armour Shop.
 15770 | Orc:2    | Found an ancient bone altar of Kikubaaqudgha.
 15771 | Orc:2    | Cast into level 1 of the Abyss (orc)
 15801 | Abyss:1  | Received a gift from Okawaru
 15971 | Abyss:1  | HP: 5/119 [smoke demon/divine providence (12)]
 15972 | Abyss:1  | HP: 1/119 [something/ball of steam (5)]
 15975 | Abyss:1  | Killed from afar by a smoke demon

Illustrated notes

Levels and vault maps discovered:
D:1:      giann_bridges, layout_basic, serial_bayou, serial_bayou_pond_b,
          serial_bayou_lake_a, serial_bayou_pond_b, serial_bayou_pond_b,
          serial_bayou_ford_a, minmay_shallow_snake_nest
D:2:      layout_rooms, elyvilon_altar_3, uniq_crazy_yiuf_cottage, uniq_robin
D:3:      layout_loops_ring, nicolae_overflow_crystal_walls
D:4:      layout_rooms, grunt_temple_overflow_holy_war,
          grunt_temple_overflow_cloverleaf, minmay_temple_entry_drinking_statues
D:5:      layout_cave_pods, gammafunk_temple_overflow_claw,
          chequers_serial_rivers_micro_a, uniq_sigmund, uniq_duvessa
D:6:      layout_basic
D:7:      layout_loops_ring, lemuel_doored_altar, serial_shops, shop_fountains,
          chequers_jeans, uniq_pikel
D:8:      layout_loops_cross, enter_bailey_2, xom_confusion_cloud, uniq_harold,
          uniq_erica
D:9:      minmay_the_grid_square_5x5_3x3 [minmay_the_grid_square_5x5_fat_x,
          minmay_the_grid_square_5x5_intrusive_squares,
          minmay_the_grid_square_5x5_beaten_path,
          minmay_the_grid_square_5x5_shrine1,
          minmay_the_grid_square_5x5_megaprize_checkered,
          minmay_the_grid_square_5x5_minibox,
          minmay_the_grid_square_5x5_shuriken,
          minmay_the_grid_square_5x5_hourglass,
          minmay_the_grid_square_5x5_fancy_junction], layout_basic,
          nicolae_qazlal_style_of_elements, serial_shops, shop_fountains,
          serial_glass, glass_columns_c, glass_columns_b
D:10:     layout_loops_ring, serial_shops,
          nicolae_shop_temple_entry_statues_fountains, serial_bayou_lagoon_a,
          patterned_corridor, uniq_nergalle
D:11:     layout_cave_pods, erik_lair_island, basic_altar
D:12:     layout_basic, kennysheep_orc_monster_closet_entryway
D:13:     layout_loops_ring, erik_vaults_2
D:14:     layout_roguey, serial_ice, serial_ice_b, serial_ice_l, serial_ice_c,
          serial_ice_o, nicolae_wwwww, minivault_11, uniq_snorg, uniq_jorgrun
Orc:1:    layout_caves
Orc:2:    kennysheep_orc_mage_school, layout_diamond_mine, serial_shops, shop,
          shop, hangedman_minor_magic
Abyss:1:  base: Temple, gammafunk_corrupted_shrine

Skill      XL: |  1  2  3  4  5  6  7  8  9 10 11 12 13 |
---------------+----------------------------------------+-----
Axes           | 3 4 5 6 7 8 10 11 12 | 12.7
Dodging        | 3 4 5 6 7 8 |  8.9
Armour         | 1 2 3 4 5 6 7 8 |  8.5
Fighting       | 3 4 5 6 7 9 10 12 13 | 13.6
Invocations    | 2 4 6 8 10 | 10.1
Evocations     | 1 2 |  2.0
Throwing       | |  1.7

Action                   |  1- 3 |  4- 6 |  7- 9 | 10-12 | 13-15 || total
-------------------------+-------+-------+-------+-------+-------++-------
Melee: War axe           |   123 |   191 |    62 |   356 |       ||   732
       Headbutt          |       |    20 |    43 |   126 |    33 ||   222
       Broad axe         |       |       |   152 |    47 |       ||   199
       Executioner's axe |       |       |       |    16 |   130 ||   146
Throw: Throwing net      |     2 |       |       |       |       ||     2
       Javelin           |       |       |     2 |    12 |       ||    14
Invok: Heroism           |       |       |     2 |     3 |     1 ||     6
       Finesse           |       |       |       |     1 |     1 ||     2
Evoke: Wand              |       |       |    28 |     5 |       ||    33
  Use: Scroll            |       |     7 |     4 |    10 |     1 ||    22
       Potion            |       |       |     6 |     1 |     5 ||    12
 Stab: Held in net/web   |     2 |       |       |       |       ||     2
       Distracted        |       |       |     1 |     2 |     2 ||     5
       Invisible         |       |       |       |     4 |       ||     4
Armor: Leather armour    |    27 |       |       |       |       ||    27
       Chain mail        |    56 |   137 |   149 |    56 |       ||   398
       Crystal plate arm |       |       |       |   254 |   151 ||   405
Dodge: Dodged            |    77 |    97 |   211 |    50 |    44 ||   479
Block: Kite shield       |       |       |       |   178 |       ||   178
       Reflection        |       |       |       |     4 |       ||     4
